 Dungeon Crawl Stone Soup version 0.17-a0-1651-gae1a69f (webtiles) character file.

53 shakdrar the Firebug (level 3, -2/19 HPs)
             Began as a Deep Elf Fire Elementalist on Aug 14, 2015.
             Slain by a river rat (3 damage)
             ... in a sewer.
             The game lasted 00:17:04 (2120 turns).

shakdrar the Firebug (Deep Elf Fire Elementalist)   Turns: 2120, Time: 00:17:05

Health: -2/19      AC:  3    Str:  6    XL:     3   Next: 62%
Magic:  0/10       EV: 13    Int: 19    God:
Gold:   102        SH:  0    Dex: 21    Spells: 3 memorised, 3 levels left

rFire  + . .     SeeInvis .     i - +0 whip
rCold  x . .     Clarity  .     a - +1 robe
rNeg   . . .     SustAt   .     (no shield)
rPois  .         Gourm    .     (no helmet)
rElec  .         Spirit   .     (no cloak)
rCorr  .         Warding  .     (no gloves)
rMut   .         Stasis   .     (no boots)
MR     .....                    (no amulet)
Stlth  ++........               f - +6 ring of dexterity
                                d - ring of fire

@: not resistant to hostile enchantments, unstealthy
A: no striking features
a: no special abilities


You were in a sewer.
You were not hungry.

You visited 1 branch of the dungeon, and saw 3 of its levels.
You also visited: Sewer.

You collected 102 gold pieces.

Inventory:

Hand weapons
 i - a +0 whip (weapon)
Armour
 a - a +1 robe (worn)
Jewellery
 d - a ring of fire (left hand)
 f - a +6 ring of dexterity (right hand)
 g - an uncursed ring of ice
 h - a +3 ring of protection
Books
 b - a book of Flames

   Spells                             Type                      Level
   a - Flame Tongue                   Conjuration/Fire             1
   b - Throw Flame                    Conjuration/Fire             2
   c - Conjure Flame                  Conjuration/Fire             3
   d - Inner Flame                    Hexes/Fire                   3
   e - Sticky Flame                   Conjuration/Fire             4
   f - Fireball                       Conjuration/Fire             5
Comestibles
 c - 2 bread rations


   Skills:
 - Level 2.4 Dodging
 - Level 2.4 Stealth
 + Level 3.8 Spellcasting
 + Level 2.2 Conjurations
 + Level 4.1 Fire Magic


You had 3 spell levels left.
You knew the following spells:

 Your Spells              Type           Power        Failure   Level  Hunger
a - Flame Tongue          Conj/Fire      ###..        4%          1    None
b - Throw Flame           Conj/Fire      ###...       8%          2    ##.....
c - Conjure Flame         Conj/Fire      ###.....     12%         3    ###....


Dungeon Overview and Level Annotations

Branches:
Dungeon (3/15)

Altars:
Ru

Annotations:
D:3 Ijyb


Message History

Aiming: Throw Flame
Press: ? - help, Shift-Dir - straight line, f/p - river rat
Aim: a river rat (heavily wounded)
You feel a surge of power!
The puff of flame hits the river rat.
You kill the river rat!
The river rat closely misses you.
You aren't carrying any potions.
Read which item? (? for menu, Esc to quit)
Okay, then.
You hit the river rat but do no damage.
The river rat is moderately wounded.
The river rat barely misses you.
You hit the river rat but do no damage.
The river rat is moderately wounded.
The river rat bites you!
* * * LOW HITPOINT WARNING * * *
You hit the river rat.
The river rat is heavily wounded.
The river rat bites you.
You die...

#≈#
#.#
#.#
#†#
#.#
#r#
#§#
#∩#
#@#
#r#
#.#
#.#
#.#
#.#
###


You could see a river rat and a rat.

Vanquished Creatures
  An adder (D:2)
  A river rat (Sewer)
  6 bats
  2 giant cockroaches (D:1)
  3 goblins (D:1)
  4 hobgoblins
  2 jackals (D:2)
  7 kobolds
  2 giant newts (D:2)
  6 rats
34 creatures vanquished.

Notes
Turn   | Place    | Note
--------------------------------------------------------------
     0 | D:1      | shakdrar the Deep Elf Fire Elementalist began the quest for the Orb.
     0 | D:1      | Reached XP level 1. HP: 10/10 MP: 6/6
   641 | D:1      | Reached XP level 2. HP: 15/15 MP: 4/8
  1184 | D:2      | Learned a level 2 spell: Throw Flame
  1474 | D:2      | Reached skill level 4 in Fire Magic
  1474 | D:2      | Reached XP level 3. HP: 19/19 MP: 0/10
  1559 | D:2      | Learned a level 3 spell: Conjure Flame
  1682 | D:3      | Found a sacrificial altar of Ru.
  1701 | D:3      | Noticed Ijyb
  2101 | D:3      | Found a glowing drain.
  2105 | Sewer    | Entered a sewer
  2120 | Sewer    | Slain by a river rat

Vault maps used:
D:1:      lightli_arrival_quake, minmay_fountain_box
D:2:      first_bread, serial_forest, infiniplex_forest_clump_cross,
          infiniplex_forest_lined_2, infiniplex_forest_clump_cross,
          infiniplex_forest_lined_corner, infiniplex_forest_straight_3,
          infiniplex_forest_lined_corner, infiniplex_forest_split
D:3:      gup_sewer_entry_bowl, nicolae_ru_sacrificial_ziggurat, uniq_iyjb
Sewer:    sewer_kobolds

Action                   || total
-------------------------++-------
Melee: Whip              ||    25
 Cast: Flame Tongue      ||    35
       Throw Flame       ||    24
       Conjure Flame     ||     2
  Use: Scroll            ||    10
       Potion            ||     1
  Eat: Meat ration       ||     1
